 Dungeon Crawl Stone Soup version 0.25-a0-857-g60a0bcd8b5 (webtiles) character file.

Game seed: 11153891984536371502, levelgen mode: deterministic

21 Esekla the Grasshopper (level 2, 0/19 HPs)
             Began as an Octopode Warper on Apr 26, 2020.
             Slain by an adder (4 damage)
             ... on level 3 of the Dungeon.
             The game lasted 00:03:49 (493 turns).

Esekla the Grasshopper (Octopode Warper)             Turns: 493, Time: 00:03:49

Health: 0/19       AC:  1    Str: 10    XL:     2   Next: 83%
Magic:  1/5        EV: 14    Int: 15    God:
Gold:   75         SH:  0    Dex: 11    Spells: 1/5 levels left

rFire    . . .     SeeInvis +   a - +0 falchion
rCold    . . .     Gourm    .   (no shield)
rNeg     . . .     Faith    .   (helmet restricted)
rPois    .         Spirit   .   e - amulet of the acrobat
rElec    .         Reflect  .   g - ring of see invisible
rCorr    .         Harm     .   (no ring)
MR       .....                  (no ring)
Stlth    ++........             (no ring)
HPRegen  0.06/turn              (no ring)
MPRegen  0.09/turn              (no ring)
                                (no ring)
                                (no ring)

@: lethally poisoned (0 -> -6), shrouded, hasted, very quick
A: almost no armour, stealthy swim, amphibious, 8 rings, constrict 8, camouflage
1, gelatinous body 1
a: no special abilities


You were on level 3 of the Dungeon.
You were not hungry.

You visited 1 branch of the dungeon, and saw 3 of its levels.

You collected 75 gold pieces.

Inventory:

Hand Weapons
 a - a +0 falchion (weapon)
Missiles
 d - 5 boomerangs of dispersal (quivered)
Jewellery
 e - an amulet of the acrobat (around mantle)
 g - a ring of see invisible (left tentacle)
Scrolls
 c - a scroll of blinking
Potions
 b - 2 potions of heal wounds
Comestibles
 f - a ration


   Skills:
 + Level 2.2 Fighting
 * Level 2.1 Long Blades
 - Level 1.0 Throwing
 + Level 3.0 Dodging
 + Level 2.1 Spellcasting
 * Level 0.2 Charms
 + Level 3.0 Translocations


You had one spell level left.
You knew the following spells:

 Your Spells              Type           Power        Failure   Level  Hunger
a - Shroud of Golubria    Chrm/Tloc      #.....       17%         2    ###....
b - Blink                 Tloc           N/A          10%         2    ###....

Your spell library contained the following spells:

 Spells                   Type           Power        Failure   Level  Hunger
 Gell's Gravitas          Tloc           ##........   19%         3    ###....
 Lesser Beckoning         Tloc           ##........   19%         3    ###....
 Teleport Other           Tloc           ##......     19%         3    ###....
 Passage of Golubria      Tloc           N/A          54%         4    #####..


Dungeon Overview and Level Annotations

Branches:
Dungeon (3/15)

Altars:


Innate Abilities, Weirdness & Mutations

You cannot wear most types of armour.
You are very stealthy in the water. (Stealth+)
You are amphibious.
You can wear up to eight rings at the same time.
You can use your tentacles to constrict eight enemies at once.
Your skin changes colour to match your surroundings (Stealth+).
Your rubbery body absorbs attacks. (AC +1, EV +1)


Message History

Cast which spell? (? or * to list) Space distorts slightly along a thin shroud covering your body.
The adder bites you.
* * * LOW HITPOINT WARNING * * *
You are lethally poisoned!
The adder poisons you!
Your shroud falls apart!
Casting: Shroud of Golubria (safe; 17% risk of failure)
Confirm with . or Enter, or press ? or * to list all spells.
Space distorts slightly along a thin shroud covering your body.
* * * LOW HITPOINT WARNING * * *
You feel sick. The adder barely misses you.
You riposte.
You hit the adder. You grab the adder. You squeeze the adder.
The adder is heavily wounded.
It was a potion of haste.
You feel yourself speed up.
You constrict the adder, but do no damage.
The adder misses you.
You riposte.
You barely miss the adder.
The adder is heavily wounded.
The adder bites you.
You die...

...##
....##
#....#
#....#
#....#
#....#
#....#
#.@..# #.#
##.......##
##.....##
#######


You could see an adder.

Vanquished Creatures
  An adder (D:2)
  A dart slug (D:2)
  2 goblins (D:2)
  2 hobgoblins (D:1)
  3 kobolds
  A bat (D:2)
10 creatures vanquished.

Notes
Turn   | Place    | Note
-------+----------+-------------------------------------------
     0 | D:1      | Esekla the Octopode Warper began the quest for the Orb.
     0 | D:1      | Reached XP level 1. HP: 14/14 MP: 3/3
   336 | D:2      | Reached XP level 2. HP: 19/19 MP: 5/5
   379 | D:2      | Learned a level 2 spell: Shroud of Golubria
   382 | D:2      | Learned a level 2 spell: Blink
   493 | D:3      | Slain by an adder

Levels and vault maps discovered:
D:1:      saegor_arrival_simple_b, layout_loops_corners
D:2:      layout_loops_cross, lemuel_doored_altar, marbit_many_paths,
          uniq_sigmund
D:3:      lemuel_castle_with_subvaults [lemuel_castle_interior_carwin_3],
          layout_rooms, lemuel_coloured_pillars_altar

Skill      XL: |  1  2 |
---------------+-------+-----
Dodging        | 3 |  3.0
Fighting       | |  2.2
Long Blades    | |  2.1
Throwing       | |  1.0
Spellcasting   | |  2.1
Charms         | |  0.2
Translocations | |  3.0

Action                   || total
-------------------------++-------
Melee: Falchion          ||    26
       Constrict         ||     7
       Tentacles         ||     5
 Cast: Shroud of Golubri ||     2
  Use: Potion            ||     3
Armor: Skin              ||     2
Dodge: Dodged            ||    47
       Rpst.: Falchion   ||    18

Table legend:
 A = Non-vault XP
 B = Vault XP
 C = Vault XP percentage of total XP
 D = Non-vault monster count
 E = Vault monster count
 F = Vault count percentage of total count
                 A         B        C        D         E       F
            +---------+---------+-------+---------+---------+-------
      Total |      30 |       0 |   0.0 |      10 |       0 |   0.0
            +---------+---------+-------+---------+---------+-------
        D:1 |       6 |       0 |   0.0 |       3 |       0 |   0.0
        D:2 |      24 |       0 |   0.0 |       7 |       0 |   0.0
            +---------+---------+-------+---------+---------+-------
